[Event "Late-Titled-Tuesday-Blitz-September-05-2023"]
[Site "Chess.com"]
[Date "2023.09.05"]
[Round "4"]
[White "Parhamov"]
[Black "Jarming"]
[Result "1-0"]
[WhiteElo "2959"]
[BlackElo "2658"]
[TimeControl "180+1"]
[EndTime "14:38:42 PDT"]
[Termination "Parhamov won by checkmate"]

1. e4 c5 2. Nf3 d6 3. d4 cxd4 4. Nxd4 Nf6 5. Nc3 g6 6. h3 Bg7 7. g4 O-O 8. Bg2 Nc6 9. Nde2 Nd7 10. O-O Nc5 11. Be3 Be6 12. Rb1 Rc8 13. a3 Bc4 14.
Re1 Qa5 15. b4 Qxa3 16. bxc5 Bxc3 17. Nxc3 Qxc3 18. cxd6 Rfd8 19. Bf4 b5 20. e5 exd6 21. exd6 Qd4 22. Qf3 Qc5 23. c3 a5 24. Rbd1 a4 25. d7 Rxd7 26. Rxd7 a3 27. Rc7 Rxc7 28. Bxc7 Nd4 29. Qf6 Qd5 30. Re8# 1-0

[Event "Late-Titled-Tuesday-Blitz-September-05-2023"]
[Site "Chess.com"]
[Date "2023.09.05"]
[Round "4"]
[White "Taran2004"]
[Black "djano"]
[Result "0-1"]
[WhiteElo "2394"]
[BlackElo "2628"]
[TimeControl "180+1"]
[EndTime "14:38:42 PDT"]
[Termination "djano won by resignation"]

1. e4 c5 2. Nf3 Nc6 3. Bb5 e5 4. O-O Nge7 5. c3 g6 6. d4 cxd4 7. cxd4 exd4 8. Nxd4 Bg7 9. Be3 O-O 10. Nc3 d5 11. exd5 Nb4 12. Qb3 Nbxd5 13. Nxd5 Nxd5 14.
Rad1 Nxe3 15. Qxe3 Qb6 16. b3 Rd8 17. Nc6 Rxd1 18.
Qe8+ Bf8 19. Ne7+ Kg7 20. Rxd1 Bxe7 21. Bc4 Qf6 22. f3 b5 23. Bxb5 Qb6+ 24. Kh1 Bb7 25. Qxe7 Qxb5 26. h4 Re8 27. Qc7 Qc6 28. Qf4 Qf6 29. Qg3 Rd8 30. Rc1 Rd4 31. Rc7 Rxh4+ 32. Kg1 Qd4+ 33. Kf1 Ba6+ 0-1

[Event "Late-Titled-Tuesday-Blitz-September-05-2023"]
[Site "Chess.com"]
[Date "2023.09.05"]
[Round "4"]
[White "NeverW84M8"]
[Black "DTChess"]
[Result "0-1"]
[WhiteElo "2601"]
[BlackElo "2465"]
[TimeControl "180+1"]
[EndTime "14:38:44 PDT"]
[Termination "DTChess won by resignation"]

1. d4 Nf6 2. Bg5 e6 3. Nd2 b6 4. e3 Bb7 5. Ngf3 h6 6. Bxf6 Qxf6 7. Bd3 d6 8. c3 g5 9. h3 a6 10. e4 Nd7 11. Qe2 Bg7 12. O-O h5 13. Nh2 g4 14.
hxg4 hxg4 15. Qxg4 Qh6 16. Ndf3 Bf6 17. Qh3 Qxh3 18. gxh3 O-O-O 19. Ng4 Rdg8 20. Kg2 Be7 21. Rae1 Nf6 22. Nh2 e5 23. d5 Nh5 24. Re3 Nf4+ 25.
Kh1 Nxh3 26. Rg3 Nf4 27. Rfg1 f5 28. c4 fxg4 0-1

[Event "Late-Titled-Tuesday-Blitz-September-05-2023"]
[Site "Chess.com"]
[Date "2023.09.05"]
[Round "4"]
[White "Schwindle"]
[Black "MKlose11"]
[Result "0-1"]
[WhiteElo "2421"]
[BlackElo "2636"]
[TimeControl "180+1"]
[EndTime "14:38:44 PDT"]
[Termination "MKlose11 won by resignation"]

1. e4 e6 2. d4 d5 3. Nc3 Bb4 4. e5 Ne7 5. Nf3 b6 6. Bb5+ c6 7. Bd3 Ba6 8. O-O Bxd3 9. Qxd3 Bxc3 10. Qxc3 O-O 11. Bg5 h6 12. Bh4 Qc7 13. Bxe7 Qxe7 14.
Qd3 c5 15. c4 dxc4 16. Qxc4 cxd4 17. Nxd4 Nd7 18. Qe2 Qc5 19. Nf3 Rfd8 20. Rac1 Qa5 21. Rfd1 Nf8 22. a3 Ng6 23. g3 Ne7 24. Rc7 Rxd1+ 25.
Qxd1 Nd5 26. Rc4 Qb5 27. Qe2 Rd8 28. Nd4 Qd7 29. a4 Ne7 30. Nb5 Ng6 31. Rd4 Qe7 32.
Rxd8+ Qxd8 33. Nxa7 Qa8 34. Qa6 Nxe5 35. Qc8+ Qxc8 36.
Nxc8 Nd7 37. b4 Kf8 38. a5 bxa5 39. bxa5 Nc5 40. Nd6 Ke7 41. Nb7 Na6 42. Kf1 Kd7 43. Ke2 Kc7 0-1

[Event "Late-Titled-Tuesday-Blitz-September-05-2023"]
[Site "Chess.com"]
[Date "2023.09.05"]
[Round "4"]
[White "Fonsofan"]
[Black "NotFischer"]
[Result "1-0"]
[WhiteElo "2744"]
[BlackElo "2289"]
[TimeControl "180+1"]
[EndTime "14:38:45 PDT"]
[Termination "Fonsofan won on time"]

1. e4 d5 2. exd5 Qxd5 3. Nc3 Qd6 4. g3 Nf6 5. Bg2 c6 6. Nge2 e5 7. d3 Be7 8. Rb1 O-O 9. b4 Qc7 10. O-O Nbd7 11. h3 Re8 12. g4 Nf8 13. f4 exf4 14.
Nxf4 a5 15. b5 Bc5+ 16. Kh1 Ng6 17. Nxg6 hxg6 18. Qf3 cxb5 19. Nxb5 Qb6 20. Bf4 Be6 21. Nc7 Qc6 22. Qxc6 bxc6 23. Bxc6 Rac8 24. Nxe8 Nxe8 25. Rb8 Rxb8 26. Bxb8 Nf6 27. c4 g5 28. Be5 Nd7 29.
Bc3 Be3 30. Rb1 Kh7 31. Be4+ g6 32. Rb7 Nc5 33. Rb8 f6 34. Bxf6 Bg8 35. Bd5 1-0

[Event "Late-Titled-Tuesday-Blitz-September-05-2023"]
[Site "Chess.com"]
[Date "2023.09.05"]
[Round "4"]
[White "jk13"]
[Black "isla88"]
[Result "1-0"]
[WhiteElo "2671"]
[BlackElo "2486"]
[TimeControl "180+1"]
[EndTime "14:38:48 PDT"]
[Termination "jk13 won by checkmate"]

1. e4 d6 2. d4 Nf6 3. Nc3 e5 4. Nf3 Nbd7 5. Bc4 Be7 6. O-O O-O 7. Re1 c6 8. a4 h6 9. h3 Re8 10. a5 Rb8 11. d5 b5 12. Bb3 b4 13. dxc6 bxc3 14.
cxd7 Bxd7 15. bxc3 Qc7 16. Qd3 Bb5 17. Qe3 Rec8 18. Bd2 Bc6 19. Qd3 Bb5 20. c4 Bxc4 21. Qe3 Bb5 22. Nh4 Bc6 23. Qf3 d5 24. exd5 e4 25. Qe2 Nxd5 26. Nf5 Bc5 27. Qg4 Qe5 28. Bxd5 Bxd5 29. Bf4 Qf6 30. Nxh6+ Kf8 31. Bxb8 Bxf2+ 32. Kh1 Bxe1 33. Qxc8+ Ke7 34. Ng8# 1-0

[Event "Late-Titled-Tuesday-Blitz-September-05-2023"]
[Site "Chess.com"]
[Date "2023.09.05"]
[Round "4"]
[White "SaqoChess_Twitch"]
[Black "Sibelephant"]
[Result "0-1"]
[WhiteElo "2734"]
[BlackElo "3119"]
[TimeControl "180+1"]
[EndTime "14:38:50 PDT"]
[Termination "Sibelephant won by resignation"]

1. d4 d5 2. c4 e6 3. Nc3 h6 4.
Nf3 Nf6 5. cxd5 exd5 6. Bf4 c6 7. e3 Bf5 8. Bd3 Bxd3 9. Qxd3 Nbd7 10. O-O Be7 11. Ne5 Nb6 12. b3 O-O 13. a4 a5 14. Ne2 Re8 15. Ng3 Bf8 16.
Nf5 Nh5 17. g4 Nxf4 18. exf4 Qf6 19. Qf3 g6 20. Ne3 c5 21. dxc5 Bxc5 22. g5 hxg5 23. N5g4 Qxf4 24. Qg2 d4 25. Nc4 Nxc4 26. bxc4 Kg7 27.
Rfe1 d3 28. Red1 Rad8 29. Rab1 d2 30. h3 b6 31. Qf1 f5 32. Nh2 Re4 33. Rb3 Re1 34.
Rxe1 Qxf2+ 35. Qxf2 dxe1=Q+ 0-1

[Event "Late-Titled-Tuesday-Blitz-September-05-2023"]
[Site "Chess.com"]
[Date "2023.09.05"]
[Round "4"]
[White "Sulthankan"]
[Black "adiosabu"]
[Result "0-1"]
[WhiteElo "2393"]
[BlackElo "2560"]
[TimeControl "180+1"]
[EndTime "14:38:50 PDT"]
[Termination "adiosabu won on time"]

1. d4 g6 2. e4 Bg7 3. Nc3 b6 4. Nf3 Bb7 5. h3 e6 6. Be3 h6 7. Qd2 d6 8. Bd3 Nd7 9. a4 a6 10. Rd1 Ne7 11. O-O g5 12. Rfe1 Ng6 13. d5 Nde5 14.
Nxe5 Nxe5 15. Ne2 exd5 16. exd5 Bxd5 17. Ng3 Be6 18. Be4 Rb8 19. Nh5 O-O 20. Nxg7 Kxg7 21. f4 gxf4 22. Bxf4 Qh4 23. Rf1 Ng6 24. Qd4+ Kg8 25.
Bd2 d5 26. Qe3 dxe4 27. Bc3 Rbd8 0-1

[Event "Late-Titled-Tuesday-Blitz-September-05-2023"]
[Site "Chess.com"]
[Date "2023.09.05"]
[Round "4"]
[White "martinbitel"]
[Black "Jaka_Brilej"]
[Result "1/2-1/2"]
[WhiteElo "2255"]
[BlackElo "2461"]
[TimeControl "180+1"]
[EndTime "14:38:50 PDT"]
[Termination "Game drawn by repetition"]

1. d4 Nf6 2. c4 g6 3. Nf3 Bg7 4. g3 d6 5. Bg2 O-O 6. O-O c5 7. e3 Bg4 8. Nc3 Qd7 9. b3 cxd4 10. exd4 Bh3 11. Bb2 Bxg2 12. Kxg2 Nc6 13. d5 Nb4 14. a3 Na6 15. Ne2 b5 16. Ned4 bxc4 17. bxc4 Rab8 18. Rb1 Nc5 19. Nc6 Rb3 20. Qe2 Na4 21. Bxf6 Rxb1 22. Nxe7+ Kh8 23. Bxg7+ Kxg7 24. Rxb1 Nc3 25. Qb2 Qxe7 26.
Qxc3+ f6 27. Re1 Qd7 28. Re6 Rf7 29. Qe3 f5 30. Ng5 h6 31. Nxf7 Kxf7 32. Qd4 Qd8 33. c5 dxc5 34. Qxc5 g5 35. Qxa7+ Kf8 36. Qh7 Qxd5+ 37.
Kg1 Qxe6 38. Qh8+ Kf7 39. Qh7+ Kf8 40. Qh8+ Kf7 41. Qh7+ Kf8 1/2-1/2

[Event "Late-Titled-Tuesday-Blitz-September-05-2023"]
[Site "Chess.com"]
[Date "2023.09.05"]
[Round "4"]
[White "MagnusCarlsen"]
[Black "Fandorine"]
[Result "1-0"]
[WhiteElo "3260"]
[BlackElo "2919"]
[TimeControl "180+1"]
[EndTime "14:38:58 PDT"]
[Termination "MagnusCarlsen won by resignation"]

1. e4 e5 2. Nf3 Nc6 3. Bb5 a6 4. Ba4 Nf6 5. d3 d6 6. c3 Be7 7. O-O O-O 8. Re1 Re8 9. h3 h6 10. Nbd2 Bf8 11. d4 b5 12. Bc2 exd4 13. cxd4 Nb4 14. Bb1 c5 15. d5 a5 16. a3 Na6 17.
a4 Bd7 18. axb5 Bxb5 19. b3 g6 20. Bb2 Bg7 21. Qc1 Nb4 22. Ra3 a4 23. bxa4 Rxa4 24.
Rxa4 Bxa4 25. Nc4 Bb5 26. Nfd2 Qb8 27. Re3 Nd7 28. Bxg7 Kxg7 29. Qc3+ f6 30. f4 Bxc4 31. Nxc4 Nb6 32. Nxb6 Qxb6 33. Kh2 c4 34. e5 dxe5 35.
Rg3 e4 36. Qxc4 f5 37. Rb3 Rb8 38. Qc3+ Qf6 39. Qc7+ 1-0

[Event "Late-Titled-Tuesday-Blitz-September-05-2023"]
[Site "Chess.com"]
[Date "2023.09.05"]
[Round "4"]
[White "zeitnot2006"]
[Black "zajka-molotok"]
[Result "1-0"]
[WhiteElo "2762"]
[BlackElo "2523"]
[TimeControl "180+1"]
[EndTime "14:38:58 PDT"]
[Termination "zeitnot2006 won by checkmate"]

1. e4 c5 2. b3 g6 3. Bb2 Nf6 4. g3 Bg7 5. Bg2 Nc6 6. Ne2 O-O 7. O-O d5 8. exd5 Nxd5 9. Bxg7 Kxg7 10. d4 cxd4 11.
Nxd4 Nxd4 12. Qxd4+ Nf6 13. Qxd8 Rxd8 14. Na3 Rb8 15. Rfe1 Be6 16. Nb5 a6 17. Nc7 Rd6 18. Nxe6+ Rxe6 19. Rxe6 fxe6 20. Rd1 b5 21. c4 bxc4 22.
bxc4 Rc8 23. Rc1 Rc5 24. Kf1 Nd7 25. Ke1 Ne5 26. Bf1 Kf6 27. Kd2 Nf3+ 28. Ke3 Nxh2 29.
Be2 h5 30. f3 Re5+ 31. Kf2 Rf5 32. Kg2 Re5 33. Rc2 Nxf3 34. Kxf3 Rc5 35. Ke4 e5 36. Rb2 Ra5 37. Rc2 Ke6 38. c5 Kd7 39. Kxe5 Kc6 40. Ke6 Rxc5 41. Rxc5+ Kxc5 42. Bxa6 Kd4 43. Be2 Ke3 44.
a4 Kxe2 45. a5 g5 46. a6 h4 47. gxh4 gxh4 48. a7 Kf2 49. a8=Q Kg3 50. Qh1 h3 51. Kxe7 Kh4 52. Qh2 Kg4 53. Kf6 Kh4 54. Kf5 Kh5 55. Qxh3# 1-0

[Event "Late-Titled-Tuesday-Blitz-September-05-2023"]
[Site "Chess.com"]
[Date "2023.09.05"]
[Round "4"]
[White "NelsonLinda"]
[Black "MeisterJabo"]
[Result "1-0"]
[WhiteElo "2483"]
[BlackElo "2309"]
[TimeControl "180+1"]
[EndTime "14:39:01 PDT"]
[Termination "NelsonLinda won by checkmate"]

1. Nf3 Nc6 2. c4 e5 3. Nc3 Nf6 4. e4 Bb4 5. d3 O-O 6. Bd2 d6 7. Be2 a5 8. O-O h6 9. h3 Be6 10. Re1 Nd4 11. Bf1 c6 12. Nxd4 exd4 13. Ne2 Bc5 14.
Nf4 Bd7 15. Rb1 Qc7 16. b3 Rfe8 17. Qc1 b5 18. Ne2 b4 19. Ng3 a4 20. Qd1 axb3 21. axb3 Ra2 22. Bf4 Rea8 23. Qf3 Be6 24. e5 Nd7 25.
Nh5 Nxe5 26. Rxe5 dxe5 27. Qg3 g6 28. Bxe5 Bd6 29. Bxd6 Qd8 30. Be5 Qg5 31. Nf6+ Kf8 32. Nh7+ Ke7 33. Nxg5 hxg5 34. Qxg5+ Kd7 35. Bxd4 Rc2 36.
Qc5 Raa2 37. Qxb4 Rd2 38. Bc5 Bf5 39. Qb7+ Ke6 40. Qe7# 1-0

[Event "Late-Titled-Tuesday-Blitz-September-05-2023"]
[Site "Chess.com"]
[Date "2023.09.05"]
[Round "4"]
[White "a-z30"]
[Black "bazar-wokzal"]
[Result "0-1"]
[WhiteElo "2307"]
[BlackElo "2520"]
[TimeControl "180+1"]
[EndTime "14:39:03 PDT"]
[Termination "bazar-wokzal won by resignation"]

1. d3 e5 2. Nf3 Nc6 3. g3 d5 4.
Bg2 h5 5. h4 Nf6 6. Bg5 Be7 7.
O-O Be6 8. Nc3 Ng4 9. Bxe7 Qxe7 10. e4 d4 11. Nd5 Qd6 12. Ng5 O-O-O 13. c3 Rd7 14. Qe2 Re8 15. a3 Nd8 16. cxd4 exd4 17. Rac1 Bxd5 18. Bh3 Be6 19. f4 Ne3 20. f5 Qxg3+ 21.
Bg2 Bb3 22. Rf2 Qxh4 23. Nf3 Qg3 24. Kh1 Ng4 25. Rff1 Nc6 26. Qe1 Qxe1 27. Rfxe1 f6 28. Kg1 Nce5 29. Nd2 Bf7 30. Bf1 Ne3 31. Be2 g6 32.
Rc5 gxf5 33. exf5 Rg8+ 34. Kh1 b6 35. Rcc1 Bd5+ 36. Ne4 Bxe4+ 37. dxe4 d3 0-1

[Event "Late-Titled-Tuesday-Blitz-September-05-2023"]
[Site "Chess.com"]
[Date "2023.09.05"]
[Round "4"]
[White "onnoelgersma"]
[Black "temus_galaktionov"]
[Result "1/2-1/2"]
[WhiteElo "2579"]
[BlackElo "2812"]
[TimeControl "180+1"]
[EndTime "14:39:05 PDT"]
[Termination "Game drawn - insufficient material"]

1. e4 c6 2. d4 g6 3. e5 d6 4.
exd6 exd6 5. Nf3 Bg7 6. h3 Nf6 7. Be2 O-O 8. O-O Re8 9. c3 Bf5 10. Re1 Nbd7 11. a4 Ne4 12. Be3 Ndf6 13. Nbd2 Nd5 14. Nxe4 Nxe3 15. fxe3 Bxe4 16. Bd3 Bh6 17. Bxe4 Rxe4 18. Qd3 Qe7 19. Kf2 Re8 20. Re2 Rxe3 21. Rxe3 Qxe3+ 22. Qxe3 Bxe3+ 23. Kf1 Bf4 24. Re1 Rxe1+ 25.
Kxe1 Kg7 26. Ke2 Kf6 27. Kd3 d5 28. c4 a5 29. cxd5 cxd5 30. b3 h5 31. Ng1 Bd6 32. Ne2 g5 33. Nc3 Ke6 34. Nb5 Bf4 35. Nc3 f5 36. Ne2 Bd6 37. Ke3 h4 38. Kf3 Bb4 39. Ke3 Kf6 40. Nc1 Bd6 41. Nd3 g4 42. Nc1 f4+ 43.
Kf2 Kf5 44. hxg4+ Kxg4 45. Ne2 Bb4 46. Ng1 Bc3 47. Nf3 Bb2 48. Kf1 h3 49. Ne5+ Kg3 50. gxh3 Bxd4 51. Nd3 f3 52. h4 Be3 53. h5 Kh4 54. Ne5 f2 55. h6 Bxh6 56. Kxf2 Kg5 57. Nf7+ Kg6 58. Nxh6 Kxh6 59. Ke3 Kg5 60. Kd4 Kf4 61.
Kxd5 Ke3 62. Kc5 Kd3 63. Kb5 Kc3 64. Kxa5 Kxb3 65. Kb6 Kxa4 66. Kxb7 1/2-1/2

[Event "Late-Titled-Tuesday-Blitz-September-05-2023"]
[Site "Chess.com"]
[Date "2023.09.05"]
[Round "4"]
[White "boguszp"]
[Black "Gogolev_Artemy"]
[Result "0-1"]
[WhiteElo "2089"]
[BlackElo "2429"]
[TimeControl "180+1"]
[EndTime "14:39:06 PDT"]
[Termination "Gogolev_Artemy won by resignation"]

1. d4 d5 2. Nf3 Nf6 3. c4 c6 4.
Nc3 e6 5. e3 Nbd7 6. Bd3 dxc4 7. Bxc4 b5 8. Bd3 Bb7 9. O-O a6 10. a4 b4 11. Ne4 c5 12. Nxc5 Nxc5 13. dxc5 Bxc5 14. Qe2 O-O 15. Rd1 Qa5 16. b3 Rfd8 17. Bb2 Ne4 18. Rac1 h6 19. Ne5 Nc3 20. Qe1 Nxd1 21.
Qxd1 Bd6 22. Nc4 Qg5 23. g3 Be7 24. h4 Qd5 25. Bh7+ Kxh7 26. Qxd5 Bxd5 27. Nb6 Rab8 28. a5 Bxb3 29. Rc7 Bf6 30. Bxf6 gxf6 31. Rxf7+ Kg6 32.
Ra7 Bd5 33. Rxa6 Bf3 34. Kh2 Rd1 35. g4 b3 36. Nc4 Bxg4 37. Kg3 Be2 38. Nb2 Bxa6 39.
Nxd1 b2 40. Nxb2 Rxb2 41. f4 Bd3 42. Kf3 f5 43. e4 Bxe4+ 44. Ke3 Rb5 45. a6 Ra5 0-1

[Event "Late-Titled-Tuesday-Blitz-September-05-2023"]
[Site "Chess.com"]
[Date "2023.09.05"]
[Round "4"]
[White "stasOR4ik"]
[Black "Too_Stupid_To_Play"]
[Result "0-1"]
[WhiteElo "2445"]
[BlackElo "2263"]
[TimeControl "180+1"]
[EndTime "14:39:08 PDT"]
[Termination "Too_Stupid_To_Play won by resignation"]

1. e4 b6 2. d4 Bb7 3. f3 e6 4. c4 f5 5. exf5 Nh6 6. fxe6 Bb4+ 7. Nc3 O-O 8. Bxh6 Qh4+ 9. Kd2 Qxh6+ 10. Kc2 dxe6 11.
Nge2 c5 12. a3 Bxc3 13. Nxc3 Nc6 14. d5 Nd4+ 15. Kb1 Rad8 16. Bd3 exd5 17. cxd5 Kh8 18.
Be4 b5 19. Qd3 Ba6 20. Ka2 b4 21. Qd1 bxc3 22. bxc3 Bc4+ 23. Kb1 Rb8+ 24. Qb3 0-1

[Event "Late-Titled-Tuesday-Blitz-September-05-2023"]
[Site "Chess.com"]
[Date "2023.09.05"]
[Round "4"]
[White "Athanasios2"]
[Black "MFatigue"]
[Result "1-0"]
[WhiteElo "2720"]
[BlackElo "2513"]
[TimeControl "180+1"]
[EndTime "14:39:15 PDT"]
[Termination "Athanasios2 won by resignation"]

1. Nf3 d5 2. e3 Nf6 3. c4 e6 4.
Nc3 Be7 5. b3 O-O 6. Bb2 c5 7. cxd5 Nxd5 8. Be2 Bf6 9. O-O Nc6 10.
Rc1 b6 11. Qc2 Ncb4 12. Qb1 Nxc3 13. dxc3 Nc6 14. Rfd1 Qc7 15. c4 e5 16. Nd2 g6 17.
Ne4 Bg7 18. Nc3 Ne7 19. Nb5 Qb8 20. Qa1 Bb7 21. Nd6 Nc6 22. Bf3 Na5 23. Nxb7 Nxb7 24. Rd7 Nd8 25. Rcd1 Ne6 26. h3 f6 27. Qb1 Ng5 28.
Bd5+ Kh8 29. h4 Qe8 30. Bxa8 Nh3+ 31. gxh3 Qxa8 32. R7d5 Qc8 33. Rd7 Qc6 34. R1d5 Qe6 35. Qf1 g5 36. hxg5 fxg5 37. Rxg7 Kxg7 38. Rxe5 Qf6 1-0

[Event "Late-Titled-Tuesday-Blitz-September-05-2023"]
[Site "Chess.com"]
[Date "2023.09.05"]
[Round "4"]
[White "IMGC"]
[Black "GianmarcoVaR"]
[Result "1-0"]
[WhiteElo "2426"]
[BlackElo "2616"]
[TimeControl "180+1"]
[EndTime "14:39:15 PDT"]
[Termination "IMGC won by resignation"]

1. b3 d5 2. Bb2 Nf6 3. e3 c6 4. Nf3 Bf5 5. d3 h6 6. Nbd2 Bh7 7. Be2 Nbd7 8. O-O e6 9. a3 Bd6 10.
c4 O-O 11. Qc2 a5 12. Rfd1 Qe7 13. e4 dxe4 14. Nxe4 Nxe4 15. dxe4 Nc5 16. Qc3 e5 17.
Nxe5 Nxe4 18. Qd4 Bc5 19. Qd7 Qh4 20. g3 Bxf2+ 21. Kg2 Bxg3 22. Nf3 Qf4 23. Bc1 Qg5 24. Bxg5 hxg5 25. hxg3 1-0

[Event "Late-Titled-Tuesday-Blitz-September-05-2023"]
[Site "Chess.com"]
[Date "2023.09.05"]
[Round "4"]
[White "PapaieDudu"]
[Black "WindWhistler11"]
[Result "0-1"]
[WhiteElo "2298"]
[BlackElo "2476"]
[TimeControl "180+1"]
[EndTime "14:39:17 PDT"]
[Termination "WindWhistler11 won on time"]

1. e4 e6 2. Nf3 d5 3. e5 c5 4. b4 c4 5. a3 a5 6. b5 Nd7 7.
d4 cxd3 8. cxd3 Nc5 9. b6 Qxb6 10. Nbd2 Bd7 11. Rb1 Qc7 12. Qe2 Ne7 13. Bb2 Na4 14.
Rc1 Nc6 15. Ba1 Bxa3 16. Rc2 Qb6 17. d4 Nb4 18. Nb3 Nxc2+ 19. Qxc2 Rc8 20. Qd1 Bb4+ 21. Ke2 Nc3+ 22. Bxc3 Rxc3 23. Nfd2 Ba4 24. f4 O-O 25. Kf2 Bxb3 26. Nxb3 Rxb3 27. Qxb3 Be1+ 28. Kxe1 Qxb3 29. Be2 Qe3 30. Rf1 Rc8 0-1

[Event "Late-Titled-Tuesday-Blitz-September-05-2023"]
[Site "Chess.com"]
[Date "2023.09.05"]
[Round "4"]
[White "Sinquefield"]
[Black "IMRosen"]
[Result "0-1"]
[WhiteElo "2465"]
[BlackElo "2602"]
[TimeControl "180+1"]
[EndTime "14:39:23 PDT"]
[Termination "IMRosen won on time"]

1. e4 e6 2. d4 Ne7 3. f4 d6 4. c4 Nd7 5. Nc3 Ng6 6. Nf3 Nb6 7.
Bd3 Be7 8. Be3 Bd7 9. Qe2 c6 10.
f5 Nh4 11. Nxh4 Bxh4+ 12. g3 Bf6 13. O-O exf5 14. exf5 O-O 15. Ne4 d5 16. Nxf6+ Qxf6 17. c5 Nc4 18. Bxc4 dxc4 19. Qxc4 Bxf5 20. d5 Qe7 21.
Bf4 cxd5 22. Qxd5 Be4 23. Qd4 Rfe8 24. Bd6 Qe6 25. Rae1 f5 26. a4 Rad8 27. b4 Qa2 28.
Rf2 Qxa4 29. Qc4+ Kh8 30. Ra2 Qc6 31. b5 Qc8 32. Rxa7 Rxd6 0-1

[Event "Late-Titled-Tuesday-Blitz-September-05-2023"]
[Site "Chess.com"]
[Date "2023.09.05"]
[Round "4"]
[White "angryspacevoid"]
[Black "geordie_derraugh"]
[Result "0-1"]
[WhiteElo "2586"]
[BlackElo "2479"]
[TimeControl "180+1"]
[EndTime "14:39:24 PDT"]
[Termination "geordie_derraugh won by resignation"]

1. e4 e5 2. Nf3 Nc6 3. c3 d5 4. Qa4 dxe4 5. Nxe5 Qd5 6. Nxc6 bxc6 7. Bc4 Qd7 8. O-O Nf6 9. Re1 Be7 10. d3 exd3 11. Qa3 Kf8 12. Qb3 Bc5 13. Be3 Bxe3 14. Rxe3 d2 15.
Qa3+ Kg8 16. Nxd2 Qd6 17. Rae1 h5 18. Qxd6 cxd6 19. Re7 d5 20. Bb3 Bd7 21. Nf3 Re8 22. Rxe8+ Bxe8 23. h3 Kf8 24. Nd4 Ne4 25. f3 Nc5 26.
Bc2 Rh6 27. Nf5 Rf6 28. Nxg7 Kxg7 29. Rxe8 Rd6 30. Re7 a6 31. Kf2 d4 32. b4 d3 33.
Bd1 Ne6 34. Ra7 c5 35. a3 cxb4 36. axb4 Nf4 37. Re7 Nd5 38. Ke1 Nxe7 0-1

[Event "Late-Titled-Tuesday-Blitz-September-05-2023"]
[Site "Chess.com"]
[Date "2023.09.05"]
[Round "4"]
[White "Francisco_Ferrari"]
[Black "whiteglovethief"]
[Result "1-0"]
[WhiteElo "2153"]
[BlackElo "2490"]
[TimeControl "180+1"]
[EndTime "14:39:24 PDT"]
[Termination "Francisco_Ferrari won by resignation"]

1. c4 Nf6 2. Nc3 g6 3. g3 Bg7 4. Bg2 O-O 5. e4 d6 6. Nge2 c5 7. O-O Nc6 8. d3 Ne8 9. Be3 Nc7 10. d4 cxd4 11. Nxd4 Nxd4 12. Bxd4 Bxd4 13. Qxd4 Ne6 14. Qd2 Bd7 15. Nd5 Bc6 16. b4 Rc8 17. Rac1 Bxd5 18.
exd5 Nc7 19. Qd4 a5 20. a3 axb4 21. axb4 Na6 22. c5 Qd7 23. c6 bxc6 24. dxc6 Qf5 25. Rfe1 Rfe8 26. Bf1 Nc7 27. Bd3 Qh5 28. Be2 Qe5 29.
Qxe5 dxe5 30. b5 Rb8 31. Rb1 Rb6 32. Red1 f6 33. Rd7 Na6 34. Rc1 Nb8 35. Rdd1 Rc8 36. c7 Kf7 37. Rd8 1-0

[Event "Late-Titled-Tuesday-Blitz-September-05-2023"]
[Site "Chess.com"]
[Date "2023.09.05"]
[Round "4"]
[White "Kombinator01"]
[Black "Dewarfd"]
[Result "1-0"]
[WhiteElo "2451"]
[BlackElo "2189"]
[TimeControl "180+1"]
[EndTime "14:39:24 PDT"]
[Termination "Kombinator01 won by resignation"]

1. e4 e5 2. Nf3 Nc6 3. Bb5 Nf6 4.
d4 exd4 5. O-O Nxe4 6. Re1 d5 7. Nxd4 Bd7 8. Bxc6 bxc6 9. f3 Bc5 10. fxe4 Qf6 11.
c3 dxe4 12. Rxe4+ Be6 13. Be3 O-O 14. Nxe6 Bxe3+ 15. Rxe3 fxe6 16. Rf3 Qg5 17. Nd2 Rxf3 18. Nxf3 Qe3+ 19. Kh1 Rf8 20. Qf1 e5 21. Re1 Qf4 22. Qe2 Qf7 23. Qxe5 Qxa2 24. Qe6+ Qxe6 25. Rxe6 Rb8 26. b4 h6 27. Rxc6 Rb7 28. h3 Kf7 29. Kh2 Ke7 30. Kg3 Kd7 31. Rc4 Rb5 32. Rg4 g5 33. h4 gxh4+ 34. Kxh4 a5 35. bxa5 Rxa5 36.
Rg7+ Kc8 37. Rg4 Rc5 38. c4 Kb7 39. Re4 Kb6 40. Ne5 Ka5 41. Kh5 Kb4 42. Kxh6 Kc3 43. g4 Ra5 44. g5 Ra1 45. g6 Rg1 46. Rg4 Re1 47. g7 Rh1+ 48. Kg6 1-0

[Event "Late-Titled-Tuesday-Blitz-September-05-2023"]
[Site "Chess.com"]
[Date "2023.09.05"]
[Round "4"]
[White "PassedPawnMustPushed"]
[Black "allvim"]
[Result "1-0"]
[WhiteElo "2141"]
[BlackElo "2296"]
[TimeControl "180+1"]
[EndTime "14:39:24 PDT"]
[Termination "PassedPawnMustPushed won by resignation"]

1. e4 c5 2. c3 d5 3. exd5 Qxd5 4.
Nf3 Nc6 5. d4 Bg4 6. Be2 Nf6 7.
O-O e6 8. h3 Bh5 9. c4 Qd8 10.
dxc5 Bxc5 11. Nc3 O-O 12. Bg5 Be7 13. Bf4 a6 14. Qb3 Qc8 15. Na4 Nd7 16. Rfd1 Nc5 17. Nxc5 Bxc5 18. Bd6 Bxd6 19. Rxd6 Qc7 20. c5 Rfd8 21.
Rad1 Rxd6 22. cxd6 Qd7 23. Qb6 Rc8 24. b4 f6 25. g4 Be8 26. b5 axb5 27. Bxb5 Qf7 28. a4 Ra8 29. Qc7 Bd7 30. Qxb7 Rb8 31. Qc7 Rc8 32.
Bxc6 Rxc7 33. dxc7 Bxc6 34. c8=Q+ 1-0

[Event "Late-Titled-Tuesday-Blitz-September-05-2023"]
[Site "Chess.com"]
[Date "2023.09.05"]
[Round "4"]
[White "Djager97"]
[Black "BeanScreen"]
[Result "0-1"]
[WhiteElo "2509"]
[BlackElo "2710"]
[TimeControl "180+1"]
[EndTime "14:39:29 PDT"]
[Termination "BeanScreen won on time"]

1. e4 e5 2. Nf3 Nc6 3. d4 exd4 4. Nxd4 Bc5 5. Nb3 Bb6 6. Qe2 Nf6 7. e5 Nd5 8. c4 Ndb4 9. c5 Bxc5 10. Nxc5 Nd4 11. Qg4 Ndc2+ 12. Kd1 d6 13. Qxg7 dxc5+ 14. Bd2 Rf8 15.
Nc3 Nxa1 16. Ne4 Nd5 17. Bb5+ Bd7 18. Bg5 Qc8 19. Bh6 Bxb5 20. Qxf8+ Kd7 21. Qxc5 Bc6 22. Kc1 b6 23. Nf6+ Nxf6 24. Rd1+ Nd5 25. Rxd5+ Bxd5 26. Qxd5+ Ke7 27. Bg5+ Kf8 28. Bf6 c6 29. Qd2 Qf5 30.
Qh6+ Ke8 0-1

[Event "Late-Titled-Tuesday-Blitz-September-05-2023"]
[Site "Chess.com"]
[Date "2023.09.05"]
[Round "4"]
[White "DenishevM"]
[Black "Tsyhanchuk_Stanislav"]
[Result "1-0"]
[WhiteElo "2638"]
[BlackElo "2430"]
[TimeControl "180+1"]
[EndTime "14:39:29 PDT"]
[Termination "DenishevM won by resignation"]

1. c4 Nf6 2. g3 e6 3. Bg2 d5 4. Nf3 d4 5. O-O c5 6. d3 Nc6 7.
e3 h6 8. exd4 cxd4 9. a3 a5 10.
Bf4 Bd6 11. Bxd6 Qxd6 12. Nbd2 e5 13. Re1 O-O 14. Rc1 Bf5 15. c5 Qc7 16. Nc4 Nd7 17.
b4 axb4 18. axb4 f6 19. Nd6 Be6 20. b5 Nd8 21. b6 Qb8 22. Nb5 Bf7 23. Bh3 Be6 24.
Bg2 Bf7 25. Nh4 Ne6 26. Nd6 Ndxc5 27. Nxf7 Rxf7 28. Nf5 Ra2 29. Bd5 Ra6 30. Qg4 Kf8 31. Rxc5 h5 32. Qxh5 1-0